 Dungeon Crawl Stone Soup version 0.13-a0-2537-g1f6edf4 (webtiles) character file.

89230 Bruce the Sorcerer (level 15, -1/72 HPs)
             Began as a Deep Elf Fire Elementalist on July 26, 2013.
             Was the Champion of Sif Muna.
             Killed from afar by Bruce's ghost (33 damage)
             ... with a freezing blast
             ... on Level 5 of the Shoals on July 27, 2013.
             The game lasted 02:23:32 (12633 turns).

Bruce the Sorcerer (Deep Elf Fire Elementalist)    Turns: 12633, Time: 02:23:33

HP  -1/72        AC  8     Str  7      XL: 15   Next: 45%
MP  15/41        EV 13     Int 27      God: Sif Muna [******]
Gold 1271        SH  0     Dex 15      Spells: 15 memorised,  4 levels left

Res.Fire  : + . .   See Invis. : +   B - staff of conjuration
Res.Cold  : x . .   Warding    : .   R - +0 troll hide
Life Prot.: . . .   Conserve   : +   (no shield)
Res.Poison: +       Res.Corr.  : +   v - +2 cap {SInv}
Res.Elec. : .       Clarity    : +   m - +0 cloak {rCorr, Cons}
Sust.Abil.: . .     Spirit.Shd : .   y - +0 pair of gauntlets
Res.Mut.  : .       Stasis     : .   e - +1 pair of elf boots {Stlth+}
Res.Rott. : .       Flight     : .   W - amulet of clarity
Saprovore : . . .                    G - ring "Iridux" {rPois Int+2 Dam+4}
                                     r - ring of fire

@: burdened, quick, quite resistant to hostile enchantments, fairly stealthy
A: no striking features
a: Channel Energy, Forget Spell, Renounce Religion


You were on level 5 of the Shoals.
You worshipped Sif Muna.
Sif Muna was exalted by your worship.
You were encumbered.
You were not hungry.

You visited 5 branches of the dungeon, and saw 32 of its levels.
You also visited: Labyrinth.

You collected 1331 gold pieces.
You spent 80 gold pieces at shops.

Inventory:

Armour
 e - a +1 pair of elven boots of stealth (worn)
 j - a +2 robe of resistance
 m - a +0 cloak of preservation (worn)
 v - a +2 cap of see invisible (worn)
 y - a +0 pair of gauntlets (worn)
 A - a +1 dwarven buckler
 R - a +0 troll hide (worn)
Magical devices
 a - a wand of cold (6)
 l - a wand of fire (10)
 t - a wand of digging (17)
 w - a wand of disintegration (15)
 K - a wand of invisibility (1)
 S - a wand of fireball (4)
Comestibles
 c - 2 snozzcumbers
 z - 3 bread rations
 E - 2 meat rations
 F - a pear
 P - a choko
 V - an apple
Scrolls
 d - 6 scrolls of teleportation
 k - a scroll of magic mapping
 s - a scroll of holy word {unknown}
 u - 4 scrolls of remove curse
 L - 3 scrolls of fog
 M - a scroll of vulnerability
 N - 3 scrolls of identify
Jewellery
 b - an uncursed ring of teleportation
 f - the amulet "Kenasuc" {Inacc SInv, unknown}
   (You found it on level 8 of the Dungeon)

   [amulet of inaccuracy]

   It enhances your eyesight.
 o - an uncursed amulet of resist corrosion
 p - an uncursed ring of sustenance
 r - a ring of fire (left hand)
 x - an uncursed amulet of resist mutation
 D - an uncursed ring of ice
 G - the ring "Iridux" (right hand) {rPois Int+2 Dam+4}
   (You found it on level 4 of the Lair of Beasts)

   [ring of poison resistance]

   It affects your intelligence (+2).
   It affects your damage-dealing abilities (+4).
 W - an amulet of clarity (around neck)
 X - an uncursed amulet of stasis
Potions
 g - a potion of invisibility
 i - 2 potions of brilliance
 q - a potion of magic
 C - 2 potions of curing
 H - 5 potions of agility
 I - 3 potions of speed
 J - 4 potions of heal wounds
Books
 h - a book of Clouds

   Spells                             Type                      Level
   Mephitic Cloud                     Conjuration/Poison/Air       3
   *Conjure Flame                     Conjuration/Fire             3
   *Poisonous Cloud                   Conjuration/Poison/Air       6
   Freezing Cloud                     Conjuration/Ice/Air          6
   Ring of Flames                     Charms/Fire                  7
 n - Sif Muna's Compendium of Blistering Conjuration
   (Sif Muna gifted it to you on level 1 of the Lair of Beasts)

   Spells                             Type                      Level
   *Bolt of Fire                      Conjuration/Fire             6
   Fire Storm                         Conjuration/Fire             9
Magical staves
 B - an uncursed staff of conjuration (weapon)
Miscellaneous
 U - a stone of tremors (inert)
 Y - a fan of gales
Rods
 Z - a +3 rod of fiery destruction (9/9)
   (You found it in a labyrinth)


   Skills:
 - Level 6.0 Dodging
 - Level 2.6 Stealth
 + Level 21.2 Spellcasting
 * Level 17.9 Conjurations
 - Level 5.0 Charms
 - Level 10.3 Fire Magic
 - Level 3.0 Air Magic
 - Level 6.2 Invocations


You had 4 spell levels left.
You knew the following spells:

 Your Spells              Type           Power        Failure   Level  Hunger
a - Flame Tongue          Conj/Fire      #####        0%          1    None
b - Bolt of Fire          Conj/Fire      ########..   1%          6    None
c - Conjure Flame         Conj/Fire      ########     0%          3    None
d - Sticky Flame          Conj/Fire      ########     1%          4    None
e - Fireball              Conj/Fire      ########..   1%          5    None
f - Ice Form              Ice/Trmt       ##........   17%         4    None
g - Bolt of Magma         Conj/Fire/Erth ########..   1%          5    None
h - Iskenderun's Battles  Conj/Chrm      #######.     1%          4    None
i - Poisonous Cloud       Conj/Pois/Air  #######...   14%         6    None
p - Apportation           Tloc           ####......   1%          1    None
t - Animate Skeleton      Necr           N/A          1%          1    None
F - Flight                Chrm/Air       ######....   1%          3    None
I - Ignite Poison         Fire/Trmt      ######....   4%          5    None
M - Repel Missiles        Chrm/Air       ######....   1%          2    None
S - Swiftness             Chrm/Air       ######....   1%          2    None


Dungeon Overview and Level Annotations

Branches:
Dungeon (17/27)            Temple (1/1) D:4            Lair (8/8) D:9
 Shoals (5/5) Lair:5       Spider (0/5) Lair:4        Slime (0/6) Lair:8
 Vaults (1/5) D:17
    Orc: D:6-11

Altars:
Cheibriados
Elyvilon
Kikubaaqudgha
Makhleb
Okawaru
Sif Muna
Xom
Yredelemnul
Zin
the Shining One

Shops:
D:14: [*

Annotations
D:2 Ijyb
D:8 Erolcha; Restia's ghost, experienced TeFi
D:12 horsemans' ghost, powerful MiFi
Shoals:5 Bruce's ghost, powerful DEFE


Message History

The butterfly is engulfed in poison gas.
The butterfly is poisoned.
The butterfly is engulfed in poison gas.
The butterfly looks even sicker.
You kill the butterfly!
The merfolk is engulfed in poison gas.
The merfolk is poisoned.
Casting: Poisonous Cloud
Confirm with . or Enter, or press ? or * to list all spells.
Aiming: Bolt of Fire
Press: ? - help, Shift-Dir - straight line, f - Bruce's ghost, p - merfolk
Aim: Bruce's ghost (moderately damaged)
You feel a strong surge of power!
The bolt of fire hits the merfolk.
You kill the merfolk!
The bolt of fire misses Bruce's ghost.
Bruce's ghost casts a spell at you. The freezing blast hits you!
You feel a terrible chill!
Ouch! That really hurt!
Bruce's ghost gestures at you while chanting.
The freezing blast hits you!
You feel a terrible chill!
You die...

≈≈≈≈≈≈≈≈≈≈≈≈......# ...≈
≈≈≈≈≈≈.##..≈.###.##
#...≈ .≈≈≈...##).### #.#
#..≈≈≈ ≈≈≈≈≈b.b..###
##.# ##..≈≈≈≈
≈b§§b≈.bm##
#.[###.≈≈≈≈≈≈
≈§≈≈≈b..§§#
###......≈≈####
≈≈P≈.<.§§####..≈≈≈.≈≈≈##
≈≈PP≈p§§§§#§§.≈≈≈≈≈≈≈≈#
≈≈≈≈≈#####@§§§≈≈≈≈≈≈≈≈#
P≈P# ##§§≈≈≈≈≈≈≈≈≈# P≈≈
#§§≈≈≈≈≈≈≈≈≈#
#≈≈≈≈≈≈≈≈P≈≈P
#≈≈≈≈≈≈≈PP≈P..
#≈≈≈≈≈≈≈≈≈P ≈≈≈≈≈≈≈≈
≈≈≈≈≈≈ ≈≈≈


You could see a merfolk and Bruce's ghost.

Vanquished Creatures
  Norris (D:17)
  Rupert (Shoals:1)
  A siren (Shoals:2)
  A minotaur (Lab)
  A great orb of eyes (D:13)
  A dragon (Lair:8)
  A merfolk aquamancer (Shoals:2)
  10 hydras
  Harold (D:15)
  Erica (Lair:1)
  A spriggan druid (Lair:7)
  6 death yaks (Lair:7)
  Nergalle (Lair:4)
  5 centaur warriors
  A catoblepas (Lair:7)
  5 sea snakes
  4 skeletal warriors (D:8)
  3 unseen horrors
  Pikel (D:9)
  A giant amoeba (D:13)
  Joseph (D:11)
  2 griffons
  3 hill giants
  2 wolf spiders
  3 elephants (Lair:2)
  3 cyclopes
  Maurice (D:8)
  A queen ant (Lair:1)
  A feature mimic (D:16)
  4 black mambas
  4 spiny frogs
  Psyche (D:9)
  8 fire drakes
  9 wandering mushrooms
  4 komodo dragons
  An orb spider (Lair:4)
  2 mermaids
  2 two-headed ogres
  A komodo dragon (shapeshifter) (D:16)
  6 trolls
  6 polar bears (Lair:8)
  A boulder beetle (Lair:6)
  3 slime creatures (D:16)
  18 blink frogs
  A trapdoor spider zombie (D:14)
  2 wyverns
  12 grizzly bears
  2 basilisks
  5 snapping turtles
  6 water elementals (Shoals:2)
  10 merfolk
  19 ugly things
  3 sharks
  31 yaks
  A wraith (D:13)
  11 hippogriffs
  7 vampire mosquitoes
  4 manticores
  7 swamp worms (Lair:6)
  A hungry ghost (D:13)
  4 soldier ants
  10 porcupines
  8 wolves
  3 mottled dragons
  7 black bears
  A slave (D:9)
  2 sky beasts
  4 phantoms
  2 yellow wasps (D:15)
  7 ogres
  11 centaurs
  11 crocodiles
  13 giant frogs
  4 big kobolds
  A boring beetle (Lair:8)
  A brain worm (D:15)
  6 water moccasins
  8 giant slugs
  An agate snail (Lair:5)
  A manticore zombie (D:7)
  A boulder beetle zombie (D:17)
  An eye of draining (D:14)
  4 jellyfish
  2 wights
  A hippogriff skeleton (D:5)
  A troll skeleton (D:12)
  15 killer bees
  2 electric eels (D:14)
  2 giant frog zombies
  7 hounds
  2 big fish (Lair:2)
  A centaur zombie (D:5)
  7 crimson imps
  7 goliath beetles
  A two-headed ogre zombie (D:13)
  A gnoll shaman (D:8)
  A quasit (D:7)
  A cyclops simulacrum (D:15)
  4 orc wizards
  A centaur skeleton (D:5)
  A giant frog skeleton (D:4)
  A black bear skeleton (D:5)
  34 worker ants
  13 humans (D:17)
  11 iguanas
  3 scorpions
  9 sheep
  A brain worm zombie (D:13)
  7 jellies
  A hound zombie (D:5)
  A mummy (D:10)
  6 gnolls (D:8)
  7 green rats (Lair:3)
  17 adders
  5 giant centipedes
  13 worms
  5 giant mites
  2 adder zombies (D:5)
  An adder skeleton (Lair:7)
  2 giant eyeballs (D:13)
  9 giant geckos
  7 orcs
  A bat skeleton (D:5)
  10 goblins
  9 hobgoblins
  15 kobolds
  8 quokkas
  2 ball pythons
  26 bats
  4 giant cockroaches
  10 giant newts
  2 giant spores
  A hobgoblin zombie (D:5)
  16 jackals
  2 kobold skeletons
  A kobold zombie (D:5)
  An orc skeleton (D:3)
  2 orc zombies
  18 rats
  A rat zombie (D:5)
  3 ballistomycetes
  4 bushes (Lair:5)
  2 butterflies (Shoals:5)
  11 fungi
  4 plants
732 creatures vanquished.

Vanquished Creatures (collateral kills)
  2 ugly things (D:16)
  3 yaks (D:16)
  2 hippogriffs
  A mummy (D:15)
  A bat (Shoals:2)
9 creatures vanquished.

Vanquished Creatures (others)
  An unseen horror (D:15)
  A griffon skeleton (D:16)
  A hill giant skeleton (D:16)
  A snapping turtle skeleton (Shoals:2)
  A merfolk skeleton (Shoals:2)
  A mermaid skeleton (Shoals:2)
  A hippogriff skeleton (D:8)
  4 yak skeletons (D:16)
  A crimson imp (D:9)
  2 centaur skeletons
  2 bat skeletons
  A human skeleton (D:17)
  A fungus (Lair:7)
  A plant (Lair:8)
19 creatures vanquished.

Grand Total: 760 creatures vanquished

Notes
Turn   | Place    | Note
--------------------------------------------------------------
     0 | D:1      | Bruce, the Deep Elf Fire Elementalist, began the quest for the Orb.
     0 | D:1      | Reached XP level 1. HP: 10/10 MP: 4/4
   209 | D:1      | Reached XP level 2. HP: 3/15 MP: 1/6
   460 | D:1      | Reached XP level 3. HP: 3/19 MP: 2/9
   536 | D:2      | Reached skill level 4 in Fire Magic
   627 | D:2      | Learned a level 2 spell: Throw Flame
   631 | D:2      | Learned a level 3 spell: Conjure Flame
   870 | D:2      | Reached XP level 4. HP: 1/24 MP: 6/13
   880 | D:2      | HP: 1/24 [goblin/ stone (1)]
   953 | D:2      | Noticed Ijyb
  1171 | D:3      | Found an iron altar of Okawaru.
  1359 | D:4      | Reached XP level 5. HP: 18/28 MP: 6/17
  1363 | D:4      | Found a basalt altar of Yredelemnul.
  1465 | D:4      | Found a staircase to the Ecumenical Temple.
  1475 | Temple   | Entered the Ecumenical Temple
  1493 | Temple   | Became a worshipper of Sif Muna the Loreminder
  1602 | D:4      | Reached skill level 5 in Spellcasting
  1614 | D:4      | Learned a level 4 spell: Sticky Flame
  1618 | D:5      | Entered Level 5 of the Dungeon
  1672 | D:5      | Reached XP level 6. HP: 16/32 MP: 6/20
  1680 | D:5      | Reached skill level 5 in Fire Magic
  1764 | D:5      | Reached skill level 6 in Spellcasting
  1786 | D:5      | Noticed an ice beast
  1806 | D:5      | Acquired Sif Muna's first power
  1918 | D:5      | Reached XP level 7. HP: 14/36 MP: 16/23
  1936 | D:5      | Found a glowing golden altar of the Shining One.
  2041 | D:6      | Reached skill level 7 in Spellcasting
  2155 | D:6      | Acquired Sif Muna's second power
  2344 | D:7      | Reached skill level 8 in Spellcasting
  2408 | D:6      | Reached XP level 8. HP: 31/41 MP: 14/26
  2509 | D:7      | Reached skill level 5 in Conjurations
  2674 | D:7      | Reached skill level 9 in Spellcasting
  2836 | D:8      | Noticed Restia's ghost (experienced TeFi)
  2886 | D:8      | Reached skill level 5 in Dodging
  2893 | D:8      | Got an ominously black robe
  2899 | D:8      | Identified the cursed -4 robe of Insatiable Hunger {Str+2 Int+3} (You found it on level 8 of the Dungeon)
  2916 | D:8      | Noticed Erolcha
  2981 | D:9      | Learned a level 5 spell: Fireball
  3001 | D:9      | Found a staircase to the Lair.
  3002 | D:9      | Noticed a fire drake
  3005 | D:9      | Killed a fire drake
  3005 | D:9      | Reached skill level 10 in Spellcasting
  3005 | D:9      | Reached XP level 9. HP: 29/45 MP: 15/29
  3050 | Lair:1   | Entered Level 1 of the Lair of Beasts
  3159 | Lair:1   | Learned a level 4 spell: Ice Form
  3396 | Lair:1   | Noticed a black mamba
  3398 | Lair:1   | Noticed a spiny frog
  3398 | Lair:1   | Killed a black mamba
  3398 | Lair:1   | Acquired Sif Muna's third power
  3398 | Lair:1   | Reached skill level 11 in Spellcasting
  3398 | Lair:1   | Reached skill level 1 in Invocations
  3534 | Lair:2   | Reached skill level 12 in Spellcasting
  3534 | Lair:2   | Reached XP level 10. HP: 35/50 MP: 13/31
  3725 | Lair:2   | Reached skill level 13 in Spellcasting
  3868 | Lair:2   | Reached skill level 5 in Invocations
  3872 | Lair:2   | Received a gift from Sif Muna
  3873 | Lair:2   | Identified Sif Muna's Compendium of Torrid Battle Magic (Sif Muna gifted it to you on level 2 of the Lair of Beasts)
  3880 | Lair:2   | Learned a level 5 spell: Bolt of Magma
  3957 | Lair:3   | Noticed a six-headed hydra
  3964 | Lair:3   | Killed a six-headed hydra
  3964 | Lair:3   | Reached XP level 11. HP: 54/54 MP: 12/34
  4080 | Lair:2   | Noticed an elephant
  4083 | Lair:2   | Noticed an elephant
  4093 | Lair:2   | Killed an elephant
  4093 | Lair:2   | Reached skill level 14 in Spellcasting
  4095 | Lair:2   | Killed an elephant
  4113 | Lair:2   | Learned a level 2 spell: Swiftness
  4126 | Lair:2   | Noticed an elephant
  4134 | Lair:2   | Killed an elephant
  4652 | Lair:4   | Noticed a five-headed hydra
  4759 | Lair:4   | Found a hole to the Spider Nest.
  4775 | Lair:4   | Reached skill level 15 in Spellcasting
  4852 | Lair:4   | Killed a five-headed hydra
  4853 | Lair:4   | Reached skill level 10 in Conjurations
  5040 | Lair:4   | Received a gift from Sif Muna
  5041 | Lair:4   | Identified Sif Muna's Papyrus of Conjuration (Sif Muna gifted it to you on level 4 of the Lair of Beasts)
  5047 | Lair:4   | Learned a level 4 spell: Iskenderun's Battlesphere
  5088 | Lair:4   | Noticed Nergalle
  5105 | Lair:4   | Killed Nergalle
  5120 | Lair:4   | Noticed an eight-headed hydra
  5137 | Lair:4   | Killed an eight-headed hydra
  5137 | Lair:4   | Reached XP level 12. HP: 41/59 MP: 18/36
  5170 | Lair:4   | Reached skill level 16 in Spellcasting
  5187 | Lair:4   | Got a glittering golden ring
  5633 | Lair:6   | Identified the ring "Iridux" {rPois Int+2 Dam+4} (You found it on level 4 of the Lair of Beasts)
  5779 | Lair:7   | Received a gift from Sif Muna
  5783 | Lair:7   | Reached skill level 17 in Spellcasting
  5784 | Lair:7   | Identified Foluofin's Compendium of the Assorted Wishes (Sif Muna gifted it to you on level 7 of the Lair of Beasts)
  6106 | Lair:7   | Noticed a six-headed hydra
  6110 | Lair:7   | Killed a six-headed hydra
  6245 | Lair:7   | Noticed a spriggan druid
  6249 | Lair:7   | Killed a spriggan druid
  6334 | Lair:8   | Entered Level 8 of the Lair of Beasts
  6345 | Lair:8   | Noticed a four-headed hydra
  6348 | Lair:8   | Killed a four-headed hydra
  6350 | Lair:8   | Reached XP level 13. HP: 63/63 MP: 11/38
  6561 | Lair:8   | Reached skill level 18 in Spellcasting
  6597 | Lair:8   | Found a staircase to the Slime Pits.
  6642 | Lair:8   | Learned a level 2 spell: Repel Missiles
  6643 | Lair:8   | Received a gift from Sif Muna
  6860 | Lair:8   | Learned a level 3 spell: Flight
  6871 | Lair:8   | Learned a level 7 spell: Delayed Fireball
  6955 | Lair:8   | Noticed a dragon
  7003 | Lair:8   | Killed a dragon
  7009 | Lair:8   | Learned a level 1 spell: Animate Skeleton
  7011 | Lair:8   | Learned a level 1 spell: Apportation
  7170 | Lair:6   | Reached skill level 1 in Air Magic
  7418 | Lair:5   | Found a staircase to the Shoals.
  7437 | Shoals:1 | Entered Level 1 of the Shoals
  7437 | Shoals:1 | Noticed Rupert
  7440 | Shoals:1 | Paralysed by Rupert for 4 turns
  7448 | Shoals:1 | Reached skill level 19 in Spellcasting
  7449 | Shoals:1 | Killed Rupert
  7546 | Lair:3   | Learned a level 5 spell: Ignite Poison
  7596 | Lair:1   | Found a glowing golden altar of the Shining One.
  7652 | Lair:1   | Noticed Erica
  7656 | Lair:1   | Killed Erica
  7663 | Lair:1   | Killed a spiny frog
  7680 | Lair:1   | Upgraded the game from 0.13-a0-2531-g2ad9301 to 0.13-a0-2537-g1f6edf4
  7708 | Lair:1   | Noticed a queen ant
  7718 | Lair:1   | Killed a queen ant
  7718 | Lair:1   | Received a gift from Sif Muna
  7729 | Lair:1   | Identified Sif Muna's Compendium of Blistering Conjuration (Sif Muna gifted it to you on level 1 of the Lair of Beasts)
  7811 | Lair:1   | Learned a level 6 spell: Bolt of Fire
  7859 | D:9      | Noticed an unseen horror
  7862 | D:9      | Killed an unseen horror
  7864 | D:9      | Noticed Psyche
  7866 | D:9      | Killed Psyche
  7926 | D:9      | Noticed Pikel
  7933 | D:9      | Killed Pikel
  7996 | D:10     | Entered Level 10 of the Dungeon
  8073 | D:10     | Reached skill level 10 in Fire Magic
  8193 | D:10     | Found a white marble altar of Elyvilon.
  8324 | D:11     | Noticed Joseph
  8330 | D:11     | Killed Joseph
  8543 | D:12     | Reached XP level 14. HP: 53/68 MP: 19/40
  8551 | D:12     | Noticed horsemans' ghost (powerful MiFi)
  9068 | D:13     | Reached skill level 15 in Conjurations
  9173 | D:13     | Identified a scroll of acquirement
  9316 | D:13     | Received a gift from Sif Muna
  9317 | D:13     | Identified Margery's Almanac of Blistering Conjuration (Sif Muna gifted it to you on level 13 of the Dungeon)
  9385 | D:13     | Reached skill level 20 in Spellcasting
  9385 | D:13     | Reached skill level 1 in Charms
  9462 | D:14     | Entered Level 14 of the Dungeon
  9465 | D:14     | Found Xeshronta's Armour Boutique.
  9485 | D:14     | Found Qamar's General Store.
  9566 | D:14     | Bought a scroll of teleportation for 48 gold pieces
  9566 | D:14     | Bought a scroll of identify for 32 gold pieces
  9626 | D:15     | Entered Level 15 of the Dungeon
  9835 | D:15     | Found a labyrinth entrance.
  9849 | Lab      | Entered a labyrinth
 10685 | D:14     | Identified a +3 rod of fiery destruction (9/9) (You found it in a labyrinth)
 10793 | D:15     | Noticed Harold
 10797 | D:15     | Killed Harold
 10797 | D:15     | Reached skill level 5 in Charms
 10863 | D:15     | Noticed an angel
 10864 | D:15     | Found a glowing silver altar of Zin.
 11069 | D:16     | Received a gift from Sif Muna
 11071 | D:16     | Identified Sif Muna's Handbook of Confrontation (Sif Muna gifted it to you on level 16 of the Dungeon)
 11259 | D:17     | Found a staircase to the Vaults.
 11259 | D:17     | Noticed Norris
 11294 | D:17     | Found a basalt altar of Yredelemnul.
 11316 | D:17     | Killed Norris
 11316 | D:17     | Reached XP level 15. HP: 61/72 MP: 17/41
 11415 | Vaults:1 | Entered Level 1 of the Vaults
 11662 | D:8      | Got a slimy bronze amulet
 11668 | D:8      | Noticed Maurice
 11674 | D:8      | Killed Maurice
 11720 | D:8      | Noticed a skeletal warrior
 11722 | D:8      | Noticed a skeletal warrior
 11725 | D:8      | Noticed a skeletal warrior
 11728 | D:8      | Noticed a skeletal warrior
 11728 | D:8      | Killed a skeletal warrior
 11728 | D:8      | Killed a skeletal warrior
 11741 | D:8      | Killed a skeletal warrior
 11743 | D:8      | Killed a skeletal warrior
 11803 | Lair:1   | Identified a +0 cloak of preservation (You took it off Maurice on level 8 of the Dungeon)
 11813 | Lair:1   | Learned a level 6 spell: Poisonous Cloud
 11972 | Shoals:1 | Reached skill level 21 in Spellcasting
 12152 | Shoals:2 | Received a gift from Sif Muna
 12153 | Shoals:2 | Identified Sif Muna's Tome of Protection (Sif Muna gifted it to you on level 2 of the Shoals)
 12595 | Shoals:5 | Entered Level 5 of the Shoals
 12622 | Shoals:5 | Noticed Bruce's ghost (powerful DEFE)
 12633 | Shoals:5 | Killed from afar by Bruce's ghost

Action                   |  1- 3 |  4- 6 |  7- 9 | 10-12 | 13-15 || total
-------------------------+-------+-------+-------+-------+-------++-------
Melee: Mace              |       |    14 |    21 |       |       ||    35
       Staff             |       |       |     4 |    12 |    12 ||    28
       Unarmed           |       |       |       |     4 |       ||     4
Throw: Dagger            |     1 |       |       |       |       ||     1
 Cast: Flame Tongue      |    67 |    84 |    98 |    47 |     9 ||   305
       Throw Flame       |     1 |     2 |     5 |     1 |       ||     9
       Conjure Flame     |       |    10 |    26 |    26 |     6 ||    68
       Sticky Flame      |       |     3 |    30 |    38 |    66 ||   137
       Fireball          |       |       |     8 |   121 |   138 ||   267
       Ice Form          |       |       |       |     5 |     1 ||     6
       Swiftness         |       |       |       |    14 |     9 ||    23
       Bolt of Magma     |       |       |       |     3 |    35 ||    38
       Iskenderun's Batt |       |       |       |     2 |     4 ||     6
       Bolt of Fire      |       |       |       |       |   135 ||   135
       Ignite Poison     |       |       |       |       |    26 ||    26
       Apportation       |       |       |       |       |    13 ||    13
       Repel Missiles    |       |       |       |       |    17 ||    17
       Animate Skeleton  |       |       |       |       |    37 ||    37
       Flight            |       |       |       |       |     4 ||     4
       Delayed Fireball  |       |       |       |       |     1 ||     1
       Poisonous Cloud   |       |       |       |       |     9 ||     9
Invok: Channel Energy    |       |    12 |    94 |   237 |   496 ||   839
       Forget Spell      |       |       |       |       |     2 ||     2
 Abil: End Transformatio |       |       |       |     1 |       ||     1
       Evoke Teleportati |       |       |       |       |     3 ||     3
Evoke: Wand              |     1 |       |     1 |     3 |    25 ||    30
       Deck              |       |       |       |     4 |       ||     4
       Miscellaneous     |       |       |       |     1 |     3 ||     4
  Use: Potion            |     2 |     2 |     1 |     5 |     6 ||    16
       Scroll            |       |     3 |    17 |     8 |    22 ||    50
 Stab: Sleeping          |       |       |     1 |       |       ||     1
